 Dungeon Crawl Stone Soup version 0.28.0-53-g5a82cb258f (webtiles) character file.

Game seed: 4473912269693754617

173 Zeld the Gusty (level 5, -4/28 HPs)
             Began as a Tengu Air Elementalist on May 21, 2022.
             Slain by Blork the orc
             ... wielding a +0 war axe
              (15 damage)
             ... on level 4 of the Dungeon.
             The game lasted 00:03:28 (4833 turns).

Zeld the Gusty (Tengu Air Elementalist)             Turns: 4833, Time: 00:03:29

Health: -4/28      AC:  2    Str:  8    XL:     5   Next: 53%
Magic:  3/11       EV: 14    Int: 17    God:
Gold:   140        SH:  0    Dex: 15    Spells: 1/11 levels left

rFire   . . .      SeeInvis .   (no weapon)
rCold   . . .      Faith    .   (no shield)
rNeg    . . .      Spirit   .   a - +0 robe
rPois   .          Reflect  .   (helmet restricted)
rElec   .          Harm     .   (no cloak)
rCorr   .          Rampage  .   (no gloves)
Will    .....                   (boots unavailable)
Stlth   ++........              (no amulet)
HPRegen 0.09/turn               (no ring)
MPRegen 0.12/turn               (no ring)

@: flying quickly and evasively, quick
A: beak, talons 3, nimble flight
a: no special abilities


You were on level 4 of the Dungeon.
You visited 1 branch of the dungeon, and saw 5 of its levels.

You collected 140 gold pieces.

Inventory:

Armour
 a - a +0 robe (worn)
Wands
 j - a wand of flame (32)
 p - a wand of charming (5)
 r - a wand of digging (7)
Scrolls
 c - a scroll of vulnerability {unknown}
 d - a scroll of enchant weapon {unknown}
 e - 3 scrolls of teleportation {unknown}
 f - 2 scrolls of identify {unknown}
 h - 2 scrolls of immolation {unknown}
 i - a scroll of summoning {unknown}
 k - a scroll of holy word {unknown}
 l - 3 scrolls of blinking {unknown}
 m - a scroll of torment {unknown}
 n - a scroll of magic mapping {unknown}
Potions
 b - 3 potions of degeneration {unknown}
 g - a potion of lignification {unknown}
 o - a potion of heal wounds {unknown}
 q - a potion of cancellation {unknown}


   Skills:
 - Level 2.1 Dodging
 - Level 2.0 Stealth
 * Level 3.5 Spellcasting
 + Level 3.2 Conjurations
 * Level 5.9 Air Magic


You had one spell level left.
You knew the following spells:

 Your Spells              Type           Power      Damage    Failure   Level
a - Shock                 Conj/Air       72%        1d7       2%          1
b - Static Discharge      Conj/Air       18%        N/A       3%          2
c - Swiftness             Air            23%        N/A       4%          3
d - Airstrike             Air            11%        N/A       14%         4

Your spell library contained the following spells:

 Spells                   Type           Power      Damage    Failure   Level
 Iskenderun's Battlesphe  Conj           14%        2d7       77%         5
 Iron Shot                Conj/Erth      4%         9d2       100%        6
 Spellforged Servitor     Conj/Summ      4%         N/A       100%        7


Dungeon Overview and Level Annotations

Branches:
Dungeon (5/15)
 Temple: D:4-7

Altars:
Cheibriados
Ru

Shops:
D:1 :   D:3 :

Annotations:
D:2 1 runed translucent door, Crazy Yiuf
D:4 Blork the orc
D:5 Ijyb


Innate Abilities, Weirdness & Mutations

You have a beak for a mouth.
You have claws for feet.
Your magical nature lets you fly swiftly and evasively.


Message History

There is a stone staircase leading down here.
You fly downwards.
Blork the orc shouts!
Ijyb shouts!
The white imp shouts!
Found a fizzy silvery potion and 14 gold pieces.
There is a stone staircase leading up here.
Press: ? - help, v - describe, . - travel
Here: Ijyb, wielding a +0 dagger, wearing a +0 ring mail and carrying a wand of iceblast (10)
The floor.
Blork the orc closely misses you.
You fly upwards.
There is a stone staircase leading down here.
Casting: Shock (safe; 2% risk of failure)
Confirm with . or Enter, or press ? or * to list all spells.
Blork the orc is struck by an arc of lightning.
Blork the orc is lightly wounded.
You are struck by an arc of lightning.
The lightning grounds out.
Blork the orc gestures at you while chanting.
The puff of frost hits you!
Casting: Static Discharge (safe; 3% risk of failure)
Confirm with . or Enter, or press ? or * to list all spells.
Blork the orc is struck by an arc of lightning!
Blork the orc is moderately wounded.
You are struck by an arc of lightning.
The lightning grounds out.
Blork the orc misses you.
Unknown command.
Casting: Static Discharge (safe; 3% risk of failure)
Confirm with . or Enter, or press ? or * to list all spells.
Blork the orc is struck by an arc of lightning!
Blork the orc is heavily wounded.
You are struck by an arc of lightning.
The lightning grounds out.
Blork the orc barely misses you.
Unknown command.
Casting: Static Discharge (safe; 3% risk of failure)
Confirm with . or Enter, or press ? or * to list all spells.
Blork the orc is struck by an arc of lightning.
Blork the orc is severely wounded.
You are struck by an arc of lightning.
The lightning grounds out.
Blork the orc hits you with a +0 war axe!
Ouch! That really hurt!
You die...

.......#.....#..).#
#...#..#
.......#.....#....#
#.#.#..#
###.##'#.....#....#
#...#.##
###.#........#.(..#
#.###.##
#...#........'....#
#......#
#...#........#....#
##.....#
#...#........#....#
#.....#
#...'........######
#.....#
#...#..........o@.#
#.....#
#...#.(...........#
#.....#
#...#.............#
#.....#
######'###+##.....##
##...##
............#......#
#####
...................#
#.._..####..PPPP...#
..................##
.............######


You could see Blork the orc.

Vanquished Creatures
  Jessica (D:2)
  2 hound skeletons (D:4)
  2 gnolls (D:1)
  3 adders (D:4)
  An ufetubus (D:4)
  2 dart slugs
  4 orcs (D:3)
  6 ball pythons
  3 endoplasms
  A giant cockroach (D:1)
  2 hobgoblins (D:1)
  7 jackals
  9 kobolds
  5 quokkas
  6 bats
  6 frilled lizards
  2 goblins
  3 rats
65 creatures vanquished.

Notes
Turn   | Place    | Note
-------+----------+-------------------------------------------
     0 | D:1      | Zeld the Tengu Air Elementalist began the quest for the
                  | Orb.
     0 | D:1      | Reached XP level 1. HP: 10/10 MP: 4/4
   142 | D:1      | Reached XP level 2. HP: 15/15 MP: 1/6
   150 | D:1      | Learned a level 2 spell: Static Discharge
   204 | D:1      | Found Dupukkit's Book Shoppe.
   627 | D:1      | Reached XP level 3. HP: 12/19 MP: 0/7
   631 | D:1      | Learned a level 3 spell: Swiftness
  1502 | D:2      | Noticed Jessica
  1508 | D:2      | Killed Jessica
  1509 | D:2      | Reached skill level 5 in Air Magic
  1509 | D:2      | Reached XP level 4. HP: 17/24 MP: 4/9
  1882 | D:2      | Found a snail-covered altar of Cheibriados.
  2087 | D:2      | Found a runed translucent door.
  2096 | D:2      | Noticed Crazy Yiuf
  3250 | D:3      | Found a faded altar of an unknown god.
  3289 | D:3      | Found Leaprut's Book Shoppe.
  3499 | D:4      | Gained mutation: Your magical nature lets you fly swiftly
                  | and evasively. [Tengu growth]
  3499 | D:4      | Reached XP level 5. HP: 26/28 MP: 5/10
  3554 | D:4      | Learned a level 4 spell: Airstrike
  3795 | D:4      | Found a sacrificial altar of Ru.
  4827 | D:5      | Entered Level 5 of the Dungeon
  4827 | D:5      | Noticed Blork the orc
  4827 | D:5      | Noticed Ijyb
  4833 | D:4      | Slain by Blork the orc

Illustrated notes

Levels and vault maps discovered:
D:1:      nicolae_arrival_memento_mori, layout_rooms, serial_shops, shop
D:2:      layout_rooms, basic_altar, uniq_crazy_yiuf_cottage, uniq_jessica
D:3:      layout_basic, chequers_ecumenical_altar_simple, serial_shops,
          nicolae_shop_behind_doors, patterned_corridor
D:4:      layout_gridville, mainiacjoe_overflow_boulevard,
          hangedman_minor_gate_pass
D:5:      layout_basic, uniq_pikel, uniq_blork_the_orc, uniq_edmund, uniq_ijyb

Skill      XL: |  1  2  3  4  5 |
---------------+----------------+-----
Conjurations   | 2 3 |  3.2
Spellcasting   | 3 |  3.5
Air Magic      | 5 |  5.9
Dodging        | |  2.1
Stealth        | |  2.0

Action                   |  1- 3 |  4- 6 || total
-------------------------+-------+-------++-------
Melee: Unarmed           |     8 |    25 ||    33
       Peck              |     6 |     4 ||    10
       Kick              |     3 |     9 ||    12
 Cast: Shock             |    19 |     2 ||    21
       Static Discharge  |    14 |    49 ||    63
 Stab: Sleeping          |       |     1 ||     1
Armor: Robe              |     8 |    17 ||    25
Dodge: Dodged            |    11 |    50 ||    61
